 Dungeon Crawl Stone Soup version 0.25-a0-834-g55863b0b92 (webtiles) character file.

Game seed: 8914872612024244724, levelgen mode: deterministic

48 kae the Ruffian (level 3, 0/28 HPs)
             Began as a Draconian Transmuter on Apr 23, 2020.
             Slain by a worm (10 damage)
             ... on level 2 of the Dungeon.
             The game lasted 00:01:42 (1582 turns).

kae the Ruffian (Draconian Transmuter)              Turns: 1582, Time: 00:01:42

Health: 0/28       AC:  5    Str: 13    XL:     3   Next: 50%
Magic:  5/6        EV: 12    Int: 13    God:
Gold:   27         SH:  0    Dex: 11    Spells: 5/6 levels left

rFire    . . .     SeeInvis .   e - +0 dagger (venom)
rCold    . . .     Gourm    .   (no shield)
rNeg     . . .     Faith    .   (armour unavailable)
rPois    .         Spirit   .   (helmet restricted)
rElec    .         Reflect  .   (no cloak)
rCorr    .         Harm     .   (no gloves)
MR       .....                  (no boots)
Stlth    +.........             (no amulet)
HPRegen  0.09/turn              (no ring)
MPRegen  0.10/turn              (no ring)

@: very slightly contaminated
A: unfitting armour, cold-blooded, AC +5
a: no special abilities


You were on level 2 of the Dungeon.
You were not hungry.

You visited 1 branch of the dungeon, and saw 2 of its levels.

You collected 27 gold pieces.

Inventory:

Hand Weapons
 e - a +0 dagger of venom (weapon)
Missiles
 a - 25 arrows
Scrolls
 b - a scroll of remove curse
Potions
 d - a potion of curing {unknown}
Comestibles
 c - 5 rations


   Skills:
 - Level 1.1 Fighting
 - Level 1.7 Dodging
 * Level 3.9 Unarmed Combat
 + Level 2.4 Spellcasting
 + Level 2.5 Transmutations


You had 5 spell levels left.
You knew the following spells:

 Your Spells              Type           Power        Failure   Level  Hunger
a - Beastly Appendage     Tmut           #.....       9%          1    #......

Your spell library contained the following spells:

 Spells                   Type           Power        Failure   Level  Hunger
 Sticks to Snakes         Tmut           #.......     13%         2    ###....
 Spider Form              Tmut/Pois      #.........   41%         3    ###....
 Ice Form                 Ice/Tmut       #.......     82%         4    #####..
 Blade Hands              Tmut           #.........   93%         5    ######.


Dungeon Overview and Level Annotations

Branches:
Dungeon (2/15)

Altars:


Innate Abilities, Weirdness & Mutations

Your plain brown scales are hard. (AC +5)
You cannot fit into any form of body armour.
You are cold-blooded and may be slowed by cold attacks.


Message History

You are very lightly contaminated with residual magic.
Nothing appears to happen.
You completely miss the worm. The worm bites you!
You hit the worm.
The worm is poisoned.
The worm is moderately wounded.
The worm bites you!
You are too injured to fight recklessly!
You are too injured to fight recklessly!
You are too injured to fight recklessly!
You are too injured to fight recklessly!
You are too injured to fight recklessly!
You barely miss the worm. You punch the worm.
The worm is heavily wounded.
A jackal comes into view.
The jackal barks!
You hit the worm. You tail-slap the worm.
The worm is almost dead.
You hear a bark!
The worm bites you!
You die...

#.#######.# ..###..
##.## #.###...#.. #...#
##.##.....# #...#
#........# . #...#
#..##.$..##.# #...#
#...........# #...#
#.###.......#
####.>.#####.###..#.##..
........รท....##.@.# #
........)....##.wh#
.............##...#
####...#########...
#...# #.##. #...# #.# .#
#...# #.. # #... ##. ..


You could see a worm and a jackal.

Vanquished Creatures
  4 dart slugs
  A giant cockroach (D:1)
  6 goblins
  A hobgoblin (D:1)
  5 jackals
  10 kobolds
  A quokka (D:2)
  3 bats (D:1)
  3 frilled lizards
  5 rats
39 creatures vanquished.

Vanquished Creatures (others)
  A bat (D:2)
1 creature vanquished.

Grand Total: 40 creatures vanquished

Notes
Turn   | Place    | Note
-------+----------+-------------------------------------------
     0 | D:1      | kae the Draconian Transmuter began the quest for the Orb.
     0 | D:1      | Reached XP level 1. HP: 16/16 MP: 3/3
   137 | D:1      | Reached XP level 2. HP: 23/23 MP: 3/5
   952 | D:1      | Reached XP level 3. HP: 26/28 MP: 6/6
  1582 | D:2      | Slain by a worm

Levels and vault maps discovered:
D:1:      sevenhm_arrival_forest_fort_small_4, layout_basic
D:2:      layout_loops_cross, nicolae_overflow_hidden_temple,
          grunt_temple_overflow_order_and_chaos_1

Action                   || total
-------------------------++-------
Melee: Unarmed           ||    56
       Kick              ||     9
       Tailslap          ||    12
       Headbutt          ||     8
       Dagger            ||    46
       Punch             ||     1
 Cast: Beastly Appendage ||    21
  Use: Scroll            ||     3
 Stab: Sleeping          ||     1
  Eat: Chunk             ||     3
Armor: Skin              ||    32
Dodge: Dodged            ||    81

Table legend:
 A = Non-vault XP
 B = Vault XP
 C = Vault XP percentage of total XP
 D = Non-vault monster count
 E = Vault monster count
 F = Vault count percentage of total count
                 A         B        C        D         E       F
            +---------+---------+-------+---------+---------+-------
      Total |      69 |       0 |   0.0 |      39 |       0 |   0.0
            +---------+---------+-------+---------+---------+-------
        D:1 |      48 |       0 |   0.0 |      28 |       0 |   0.0
        D:2 |      21 |       0 |   0.0 |      11 |       0 |   0.0
            +---------+---------+-------+---------+---------+-------
